Map: Odyssey LE

Players

Jedediah

  • Race: Zerg Zerg
  • League: Master
  • Spawn Location: 11:00

Florencio - Winner!

  • Race: Protoss Protoss
  • League: Diamond
  • Spawn Location: 5:00

VOD

Have the link to the VOD?

Description

Time

  • Played on: Jan. 13, 2018, 8:27 p.m.
  • Length: 17:52
Show
View Real Time Build Order
Export as new Build Order

Jedediah Zerg 

Build Orders: Pool First 

Get SALT Encoding   

  12  0:00  Drone  
  13  0:12  Overlord  
  13  0:16  Drone  
  14  0:31  Drone x2  
  14  0:34  Drone  
  17  0:45  Spawning Pool  
  17  0:49  Drone  
  17  1:11  Extractor  
  16  1:23  Hatchery  
  15  1:32  Zergling x6, Queen  
  20  1:44  Zergling x2  
  21  1:53  Overlord  
  21  2:09  Drone  
  21  2:12  Metabolic Boost  
  22  2:20  Drone  
  22  2:35  Queen  
  24  2:46  Hatchery  
  24  2:48  Drone  
  24  2:49  Drone  
  25  2:54  Drone  
  26  3:03  Drone x2  
  28  3:06  Drone  
  29  3:13  Evolution Chamber  
  29  3:19  Drone  
  29  3:21  Zergling x2  
  29  3:23  Zergling x2  
  29  3:25  Zergling x2  
  32  3:28  Zergling x2  
  33  3:41  Zerg Melee Weapons Level 1  
  33  3:42  Overlord  
  33  3:53  Drone x2  
  33  3:54  Drone  
  36  3:56  Spore Crawler  
  35  4:04  Queen  
  37  4:15  Drone x4  
  37  4:16  Drone  
  42  4:23  Drone x2  
  44  4:30  Overlord  
  41  4:44  Drone  
  41  4:45  Drone x7  
  45  4:49  Spore Crawler  
  44  4:54  Zergling x6  
  44  4:55  Zergling x2  
  48  5:01  Baneling Nest  
  48  5:02  Zergling x2  
  48  5:04  Zergling x2  
  48  5:05  Zergling x2  
  50  5:09  Zergling x4  
  52  5:21  Overlord  
  52  5:22  Drone x5  
  52  5:23  Drone  
  58  5:30  Lair  
  58  5:31  Extractor  
  57  5:41  Spore Crawler, Drone x2  
  57  5:42  Drone x3  
  61  5:44  Overlord  
  61  5:51  Zergling x10  
  61  5:56  Overlord  
  66  5:57  Overlord  
  66  6:09  Zergling x2  
  66  6:12  Zerg Missile Weapons Level 1, Extractor  
  66  6:14  Drone x2  
  66  6:16  Drone  
  66  6:17  Drone x2  
  66  6:18  Drone x2  
  72  6:21  Overlord  
  72  6:25  Zergling x6  
  74  6:26  Zergling x4  
  74  6:27  Queen  
  74  6:28  Queen  
  81  6:52  Drone x9, Extractor  
  81  6:53  Extractor  
  88  6:54  Centrifical Hooks  
  88  6:59  Hydralisk Den  
  87  7:01  Evolution Chamber  
  87  7:02  Overlord  
  87  7:03  Overlord x2  
  86  7:18  Drone x6  
  92  7:25  Spore Crawler  
  92  7:26  Spore Crawler x2  
  92  7:27  Spore Crawler  
  92  7:28  Spore Crawler  
  92  7:29  Spore Crawler x2, Baneling x6  
  79  7:30  Baneling  
  79  7:31  Baneling x8  
  79  7:35  Spore Crawler x2  
  67  7:42  Spore Crawler  
  51  8:04  Zergling x10  
  51  8:05  Zergling x14  
  57  8:21  Queen x3  
  63  8:39  Drone x7  
  63  8:40  Drone x2  
  72  8:43  Zerg Melee Weapons Level 2  
  72  8:46  Zerg Missile Weapons Level 2  
  72  8:49  Hydralisk  
  72  8:54  Hydralisk x2  
  69  9:19  Hydralisk  
  69  9:20  Hydralisk x5  
  79  9:26  Hydralisk x2  
  79  9:27  Hydralisk  
  83  9:34  Hydralisk x3  
  83  9:37  Hydralisk x2  
  87  9:50  Drone  
  87  9:51  Drone x3  
  91  9:56  Drone x2  
  93  10:00  Zergling x2  
  94  10:18  Muscular Augments  
  94  10:25  Hydralisk x6  
  94  10:26  Hydralisk  
  103  10:33  Hydralisk  
  103  10:34  Hydralisk  
  75  10:35  Zergling x2  
  75  10:36  Zergling x6  
  75  10:40  Spore Crawler  
  78  10:46  Hydralisk  
  78  10:47  Hydralisk x2  
  78  10:48  Zergling x2  
  78  10:49  Zergling x8  
  89  11:12  Hatchery  
  89  11:13  Hydralisk x3  
  89  11:14  Hydralisk  
  96  11:27  Drone x7  
  96  11:28  Extractor  
  102  11:36  Hydralisk x2  
  90  12:09  Pneumatized Carapace, Queen  
  90  12:11  Hydralisk  
  90  12:12  Hydralisk x3  
  100  12:23  Spore Crawler x2  
  97  12:41  Baneling  
  97  12:42  Baneling x3  
  97  12:45  Queen  
  97  12:49  Overlord  
  97  12:51  Zergling x4  
  100  13:08  Zergling x2  
  100  13:09  Zergling x12  
  104  13:31  Hydralisk  
  104  13:32  Hydralisk x5  
  116  13:51  Overlord  
  116  13:56  Spore Crawler x2  
  116  13:57  Spore Crawler  
  113  14:13  Hatchery  
  113  14:15  Spore Crawler  
  113  14:16  Spore Crawler  
  110  14:17  Spore Crawler x2  
  108  14:41  Zergling x16  
  108  14:42  Zergling x2  
  96  15:28  Baneling x8  
  96  15:29  Baneling x5  
  35  16:03  Drone x2  
  35  16:04  Drone x2  
  19  16:48  Hatchery  
  18  16:56  Queen  
Show
View Real Time Build Order
Export as new Build Order

Florencio Protoss - Winner!

Build Orders:  

Get SALT Encoding   

  12  0:00  Probe  
  13  0:12  Probe  
  14  0:22  Pylon  
  14  0:25  Probe (Chrono Boost)  
  15  0:38  Probe (Chrono Boost)  
  16  0:45  Forge  
  16  0:50  Probe  
  17  1:02  Probe  
  18  1:09  Pylon  
  18  1:31  Photon Cannon, Gateway  
  18  1:35  Pylon  
  18  1:47  Pylon  
  17  2:02  Nexus  
  17  2:13  Probe (Chrono Boost)  
  18  2:16  Assimilator  
  18  2:20  Assimilator  
  18  2:25  Probe (Chrono Boost)  
  18  2:29  Pylon  
  19  2:50  Photon Cannon  
  20  2:51  Probe (Chrono Boost)  
  20  3:01  Probe (Chrono Boost)  
  20  3:05  Photon Cannon  
  21  3:08  Assimilator  
  21  3:11  Assimilator  
  21  3:12  Probe  
  22  3:15  Cybernetics Core  
  22  3:24  Probe (Chrono Boost)  
  22  3:25  Probe (Chrono Boost)  
  24  3:36  Probe (Chrono Boost)  
  24  3:37  Probe (Chrono Boost)  
  26  3:44  Probe (Chrono Boost)  
  26  3:45  Pylon  
  26  3:46  Probe (Chrono Boost)  
  28  3:50  Probe  
  29  3:57  Probe  
  30  4:02  Probe  
  32  4:10  Probe (Chrono Boost)  
  32  4:15  Probe (Chrono Boost)  
  33  4:22  Probe (Chrono Boost)  
  34  4:29  Stargate  
  34  4:31  Stargate  
  34  4:32  Stargate  
  28  4:49  Photon Cannon  
  28  4:58  Probe  
  29  5:03  Probe  
  30  5:10  Probe (Chrono Boost)  
  31  5:16  Probe (Chrono Boost)  
  32  5:22  Probe (Chrono Boost), Oracle  
  32  5:27  Probe (Chrono Boost), Oracle  
  40  5:29  Probe (Chrono Boost)  
  40  5:31  Probe (Chrono Boost)  
  42  5:40  Oracle  
  45  5:58  Probe, Pylon  
  45  5:59  Probe, Oracle  
  50  6:06  Oracle  
  50  6:10  Probe  
  54  6:11  Shield Battery  
  54  6:17  Photon Cannon  
  54  6:24  Oracle (Chrono Boost)  
  57  6:32  Probe  
  58  6:34  Probe  
  58  6:37  Oracle (Chrono Boost)  
  59  6:44  Probe  
  59  6:46  Probe  
  67  6:53  Photon Cannon, Oracle (Chrono Boost)  
  67  6:58  Probe  
  68  7:14  Pylon  
  68  7:15  Pylon  
  68  7:16  Probe  
  69  7:28  Probe  
  70  7:32  Oracle x2  
  73  7:43  Oracle  
  76  8:03  Nexus  
  75  8:17  Oracle  
  69  8:24  Probe  
  70  8:28  Pylon  
  70  8:32  Pylon  
  68  8:34  Oracle  
  68  8:35  Oracle  
  68  8:41  Nexus  
  70  8:46  Probe  
  71  8:49  Photon Cannon  
  71  8:56  Pylon, Oracle  
  71  8:59  Probe  
  75  9:07  Gateway  
  75  9:11  Probe, Oracle  
  79  9:23  Probe  
  75  9:51  Pylon  
  75  9:52  Probe, Photon Cannon  
  76  9:53  Photon Cannon  
  76  10:02  Probe  
  76  10:04  Probe, Oracle x2  
  84  10:14  Probe  
  84  10:16  Probe  
  84  10:19  Oracle  
  89  10:27  Probe  
  89  10:28  Probe  
  79  10:40  Probe  
  79  10:41  Oracle x2  
  83  10:56  Oracle  
  86  10:57  Assimilator  
  86  11:01  Probe  
  86  11:02  Probe, Assimilator  
  88  11:11  Pylon  
  88  11:13  Probe  
  88  11:14  Probe  
  88  11:18  Oracle  
  93  11:20  Photon Cannon  
  93  11:25  Probe  
  94  11:28  Oracle  
  94  11:31  Probe  
  98  11:36  Gateway  
  98  11:37  Probe  
  99  11:43  Probe  
  88  12:11  Oracle x3  
  88  12:14  Probe  
  98  12:17  Probe  
  98  12:20  Probe  
  100  12:26  Probe  
  101  12:42  Probe  
  99  12:47  Cybernetics Core  
  99  12:48  Oracle x3  
  108  12:52  Gateway, Twilight Council  
  108  12:55  Probe  
  109  13:05  Pylon  
  109  13:07  Probe  
  103  13:16  Photon Cannon  
  103  13:18  Photon Cannon  
  101  13:25  Oracle x3  
  86  14:14  Pylon  
  86  14:20  Dark Shrine  
  86  14:27  Pylon  
  86  14:32  Oracle x2  
  92  14:39  Oracle  
  91  15:17  Pylon  
  91  15:19  Pylon x2  
  91  15:47  Dark Templar  
  91  15:48  Oracle x3  
  53  15:57  Dark Templar  
  55  16:04  Probe  
  56  16:16  Probe  
  58  16:46  Probe  
  56  16:57  Dark Templar  
  56  16:58  Probe  
Tags
 
Matchup
PvZ
Opening
Pool First
Spawn Locations
Cross Positions
Add a new tag
Caveats
  • Supply blocks, unpowered buildings, or Contaminate may cause inaccurate times.
  • Supply counts are checked every 10 seconds.